 Dungeon Crawl Stone Soup version 0.31-a0-38-g1548c4f2a5 (webtiles) character file.

Game seed: 14678947690626139678

240 frimble the Slasher (level 6, -1/50 HPs)
             Began as a Gnoll Reaver on May 16, 2023.
             Killed from afar by an orc wizard (5 damage)
             ... with a magic dart
             ... on level 4 of the Dungeon.
             The game lasted 00:04:21 (3181 turns).

frimble the Slasher (Gnoll Reaver)                  Turns: 3181, Time: 00:04:22

Health: -1/50      AC:  3    Str: 11    XL:     6   Next: 8%
Magic:  0/14       EV: 13    Int: 14    God:
Gold:   13         SH:  0    Dex: 11    Spells: 7/15 levels left

rFire   . . .        a - +0 falchion
rCold   . . .        (no shield)
rNeg    . . .        b - +0 leather armour
rPois   .            (no helmet)
rElec   .            (no cloak)
rCorr   .            (no gloves)
SInv    .            (no boots)
Will    .....        (no amulet)
Stlth   ++           (no ring)
HPRegen 0.28/turn    (no ring)
MPRegen 0.14/turn

%: no passive effects
@: very slightly contaminated, hasted, very quick
A: fangs 1, strong nose, distributed training
a: no special abilities


You were on level 4 of the Dungeon.
You visited 1 branch of the dungeon, and saw 4 of its levels.

You collected 167 gold pieces.
You spent 154 gold pieces at shops.

Inventory:

Hand Weapons
 a - a +0 falchion (weapon)
 h - a +1 vampiric dagger
Missiles
 c - a throwing net
Armour
 b - a +0 leather armour (worn)
Jewellery
 p - a +5 ring of evasion
Wands
 o - a wand of roots (4)
Scrolls
 e - 7 scrolls of teleportation
 f - 2 scrolls of poison
 j - a scroll of amnesia
 q - a scroll of fear
 r - a scroll of magic mapping
Potions
 d - a potion of brilliance
 g - a potion of lignification
 i - a potion of berserk rage
 l - a potion of flight
 m - a potion of haste
 n - a potion of curing


   Skills:
 + Level 4.9 Fighting
 + Level 1.8 Short Blades
 + Level 6.8 Long Blades
 + Level 1.8 Axes
 + Level 1.8 Maces & Flails
 + Level 1.8 Polearms
 + Level 1.8 Staves
 + Level 1.8 Ranged Weapons
 + Level 1.8 Throwing
 + Level 1.8 Armour
 + Level 4.9 Dodging
 + Level 1.8 Stealth
 + Level 1.8 Shields
 + Level 1.8 Unarmed Combat
 + Level 5.3 Spellcasting
 + Level 5.6 Conjurations
 + Level 1.4 Hexes
 + Level 1.4 Summonings
 + Level 1.4 Necromancy
 + Level 1.4 Translocations
 + Level 1.4 Transmutations
 + Level 1.4 Fire Magic
 + Level 1.4 Ice Magic
 + Level 1.4 Air Magic
 + Level 1.4 Earth Magic
 + Level 1.4 Poison Magic
 + Level 2.0 Invocations
 + Level 1.8 Evocations


You had 7 spell levels left.
You knew the following spells:

 Your Spells              Type           Power      Damage    Failure   Level
a - Kiss of Death         Conj/Necr      52%        2d9       5%          1
b - Blink                 Tloc           14%        N/A       19%         2
c - Stone Arrow           Conj/Erth      26%        3d8       16%         3
d - Passwall              Tmut/Erth      5%         N/A       19%         2

Your spell library contained the following spells:

 Spells                   Type           Power      Damage    Failure   Level
 Momentum Strike          Conj/Tloc      26%        3d8       8%          2
 Sandblast                Erth           14%        2d6       12%         1
 Hailstorm                Conj/Ice       13%        3d5       16%         3
 Call Canine Familiar     Summ           7%         N/A       36%         3
 Portal Projectile        Hex/Tloc       14%        N/A       36%         3
 Leda's Liquefaction      Hex/Erth       3%         N/A       77%         4
 Manifold Assault         Tloc           7%         N/A       77%         4
 Storm Form               Tmut/Air       3%         N/A       100%        7


Dungeon Overview and Level Annotations

Branches:
Dungeon (4/15)
 Temple: D:4-7

Altars:
Fedhas
Nemelex Xobeh

Shops:
D:1 ?   D:3 !


Innate Abilities, Weirdness & Mutations

You have very sharp teeth.
Your uncanny sense of smell can sniff out nearby items.
Your experience applies equally to all skills.


Message History

The stone arrow hits the sleepcap!
The sleepcap is heavily damaged.
The kobold misses you. The orc hits you with a +0 trident.
Aiming: Stone Arrow (dangerous; 16% risk of failure)
Press: ? - help, Q - select action, (/) - cycle Shift-Dir - straight line, f/p - sleepcap
Aim: a sleepcap (heavily damaged, 100% to hit)
The stone arrow hits the sleepcap!
The sleepcap is almost destroyed.
The orc closely misses you. The kobold closely misses you.
You hit the sleepcap but do no damage.
You bite the sleepcap, but do no damage.
The sleepcap is almost destroyed.
The sleepcap releases spores at you!
You are engulfed in a cloud of soporific spores!
You fall asleep.
The orc hits you from afar with a +0 trident!
You wake up.
* * * LOW HITPOINT WARNING * * *
The kobold completely misses you. The orc misses you.
Aiming: Stone Arrow (dangerous; 16% risk of failure)
Press: ? - help, Q - select action, (/) - cycle Shift-Dir - straight line, f/p - sleepcap
Aim: a sleepcap (almost destroyed, 100% to hit)
You miscast Stone Arrow.
You are very lightly contaminated with residual magic.
Nothing appears to happen.
Something hits you.
* * * LOW HITPOINT WARNING * * *
The orc closely misses you. The kobold misses you. The orc barely misses you.
The sleepcap closely misses you.
You feel yourself speed up. The sleepcap releases spores at you.
* * * LOW HITPOINT WARNING * * *
You are engulfed in a cloud of soporific spores!
You are unaffected.
The orc hits you with a +0 war axe.
* * * LOW HITPOINT WARNING * * *
The kobold hits you with a +0 whip.
* * * LOW HITPOINT WARNING * * *
The orc closely misses you.
A magic dart appears from out of thin air!
The magic dart hits you.
You die...

...........####..##
...........###..##
..........##...#
..............##
...........o.##
.........f{..# ####.
..........#..##.....
..........#.........
.......@..o.........
...........#........
.............)......
.#..................
#..................
##.................
##................
##..<##..........
#.. #.....#####


You could see a sleepcap and 2 orcs.

Vanquished Creatures
  A scorpion (D:3)
  An orc wizard (D:4)
  6 adders
  A gnoll (D:1)
  A worm (D:3)
  A dart slug (D:2)
  6 orcs (D:3)
  6 endoplasms
  3 giant cockroaches (D:3)
  12 goblins
  3 hobgoblins
  8 jackals (D:1)
  4 quokkas
  2 ball pythons (D:2)
  5 bats
  3 frilled lizards (D:1)
  8 kobolds
  7 rats
78 creatures vanquished.

Notes
Turn   | Place    | Note
-------+----------+-------------------------------------------
     0 | D:1      | frimble the Gnoll Reaver began the quest for the Orb.
     0 | D:1      | Reached XP level 1. HP: 20/20 MP: 6/6
    71 | D:1      | Found Tucwet's Magic Scroll Shoppe.
    82 | D:1      | Bought 2 scrolls of identify for 40 gold pieces
   188 | D:1      | Reached XP level 2. HP: 26/26 MP: 7/7
   527 | D:1      | Reached skill level 5 in Spellcasting
   527 | D:1      | Reached XP level 3. HP: 7/29 MP: 6/9
   644 | D:1      | Reached skill level 1 in Invocations
   931 | D:2      | Reached skill level 1 in Short Blades
   931 | D:2      | Reached skill level 1 in Axes
   931 | D:2      | Reached skill level 1 in Maces & Flails
   931 | D:2      | Reached skill level 1 in Polearms
   931 | D:2      | Reached skill level 1 in Staves
   931 | D:2      | Reached skill level 1 in Ranged Weapons
   931 | D:2      | Reached skill level 1 in Throwing
   931 | D:2      | Reached skill level 1 in Armour
   931 | D:2      | Reached skill level 1 in Stealth
   931 | D:2      | Reached skill level 1 in Shields
   931 | D:2      | Reached skill level 1 in Unarmed Combat
   931 | D:2      | Reached skill level 1 in Evocations
   940 | D:2      | Reached XP level 4. HP: 10/35 MP: 8/11
  1295 | D:2      | Reached skill level 1 in Hexes
  1295 | D:2      | Reached skill level 1 in Summonings
  1295 | D:2      | Reached skill level 1 in Necromancy
  1295 | D:2      | Reached skill level 1 in Translocations
  1295 | D:2      | Reached skill level 1 in Transmutations
  1295 | D:2      | Reached skill level 1 in Fire Magic
  1295 | D:2      | Reached skill level 1 in Ice Magic
  1295 | D:2      | Reached skill level 1 in Air Magic
  1295 | D:2      | Reached skill level 1 in Earth Magic
  1295 | D:2      | Reached skill level 1 in Poison Magic
  1417 | D:2      | Learned a level 2 spell: Blink
  1421 | D:2      | Learned a level 3 spell: Stone Arrow
  1424 | D:2      | Learned a level 2 spell: Passwall
  1926 | D:3      | Noticed a scorpion
  1937 | D:3      | Killed a scorpion
  1938 | D:3      | Reached XP level 5. HP: 25/40 MP: 4/12
  2059 | D:3      | Found Uraugom's Distillery.
  2120 | D:3      | Bought a potion of curing for 39 gold pieces
  2178 | D:3      | Found a faded altar of an unknown god.
  2239 | D:3      | Found a sparkling altar of Nemelex Xobeh.
  2530 | D:3      | Found a blossoming altar of Fedhas.
  2902 | D:1      | Bought a scroll of magic mapping for 75 gold pieces
  3164 | D:4      | Reached XP level 6. HP: 37/50 MP: 7/14
  3181 | D:4      | Killed from afar by an orc wizard

Illustrated notes

Levels and vault maps discovered:
D:1:      minmay_arrival_semitransparent, layout_basic, serial_shops,
          nicolae_shop_waterfront, minmay_misc_feat_hallway
D:2:      layout_rooms, serial_forest, infiniplex_forest_end_1,
          infiniplex_forest_clump_C, infiniplex_forest_zigzag_1,
          infiniplex_forest_zigzag_1, infiniplex_forest_straight_2,
          infiniplex_forest_lined_room_, infiniplex_forest_clump_double,
          serial_bayou_pond_e, kennysheep_another_room, st_stairs_6,
          grunt_decor_fettered, kennysheep_boxes
D:3:      minmay_door_path, layout_loops_ring, lemuel_tele_altar,
          fedhas_ov_isle_minmay, ebering_ecumenical_altar_sacrificial,
          serial_shops, nicolae_shop_statue_plus
D:4:      layout_layer_cave, nicolae_sif_muna_condensation, tso_metal_star,
          grunt_decor_one_mirror, st_stairs_1, hex_tiny,
          sigmund_edmund_badplayer

Skill      XL: |  1  2  3  4  5 |
---------------+----------------+-----
Spellcasting   | 5 |  5.3
Invocations    | 1 2 |  2.0
Short Blades   | 1 |  1.8
Axes           | 1 |  1.8
Maces & Flails | 1 |  1.8
Polearms       | 1 |  1.8
Staves         | 1 |  1.8
Ranged Weapons | 1 |  1.8
Throwing       | 1 |  1.8
Armour         | 1 |  1.8
Stealth        | 1 |  1.8
Shields        | 1 |  1.8
Unarmed Combat | 1 |  1.8
Evocations     | 1 |  1.8
Hexes          | 1 |  1.4
Summonings     | 1 |  1.4
Necromancy     | 1 |  1.4
Translocations | 1 |  1.4
Transmutations | 1 |  1.4
Fire Magic     | 1 |  1.4
Ice Magic      | 1 |  1.4
Air Magic      | 1 |  1.4
Earth Magic    | 1 |  1.4
Poison Magic   | 1 |  1.4
Fighting       | |  4.9
Long Blades    | |  6.8
Dodging        | |  4.9
Conjurations   | |  5.6

Action                     |  1- 3 |  4- 6 || total
---------------------------+-------+-------++-------
  Melee: Falchion          |   113 |   165 ||   278
         Bite              |    10 |    13 ||    23
         Punch             |       |     3 ||     3
   Cast: Kiss of Death     |     2 |     2 ||     4
         Stone Arrow       |       |     4 ||     4
    Use: Scroll            |     7 |     5 ||    12
         Potion            |       |     1 ||     1
 Armour: Leather armour    |    27 |    42 ||    69
  Dodge: Dodged            |    88 |   129 ||   217

Table legend: (Time is in decaauts)
 A = Elapsed time spent in this place.
 B = Non-inter-level travel time spent in this place.
 C = Inter-level travel time spent in this place.
 D = Time resting spent in this place.
 E = Time spent auto-exploring this place.
 F = Levels seen in this place.
 G = Mean time per level.
                   A        B        C        D        E       F      G
               +--------+--------+--------+--------+--------+-----+--------+
         Total |   3172 |   3050 |    122 |      0 |   2386 |   4 |  793.0 |
       Dungeon |   3172 |   3050 |    122 |      0 |   2386 |   4 |  793.0 |
               +--------+--------+--------+--------+--------+-----+--------+

Top non-repeatable levels by time:
     D:3: 1069 daAuts
     D:2: 948 daAuts
     D:1: 938 daAuts
     D:4: 216 daAuts
